 Dungeon Sprint DCSS version 0.22-a0-429-g97ce8ef (webtiles) character file.

252 jerryfan the Charlatan (level 6, 0/52 HPs)
             Began as a Gnoll Wanderer on May 25, 2018.
             Slain by a yak (15 damage)
             ... in the Dungeon (Sprint I: "Red Sonja").
             The game lasted 00:01:40 (120 turns).

jerryfan the Charlatan (Gnoll Wanderer)              Turns: 120, Time: 00:01:41

Health: 0/52       AC:  5    Str: 18    XL:     6   Next: 13%
Magic:  13/13      EV: 13    Int: 12    God:
Gold:   189        SH:  0    Dex: 15    Spells: 15/15 levels left

rFire    . . .     SeeInvis .   a - +2 spear
rCold    . . .     Gourm    .   (no shield)
rNeg     . . .     Faith    .   e - +0 ring mail
rPois    .         Spirit   .   (no helmet)
rElec    .         Reflect  .   (no cloak)
rCorr    .         Harm     .   (no gloves)
MR       .....     NoTele   +   (no boots)
Stlth    ++........             (no amulet)
HPRegen  0.17/turn              (no ring)
MPRegen  0.13/turn              (no ring)

@: no status effects
A: distributed training, fangs 1, strong nose
a: no special abilities


You were in the Dungeon.
You were not hungry.

You visited 1 branch You collected 189 gold pieces.

Inventory:

Hand Weapons
 a - a +2 spear (weapon)
Armour
 d - a +0 robe
 e - a +0 ring mail (worn)
Wands
 k - a wand of digging (10)
Scrolls
 j - a scroll of blinking
Potions
 b - 2 potions of curing
 g - a potion of haste
 h - 2 potions of magic
 i - a potion of berserk rage
Comestibles
 c - 3 chunks of flesh
 f - a ration


   Skills:
 + Level 6.2 Fighting
 + Level 4.1 Short Blades
 + Level 4.1 Long Blades
 + Level 4.1 Axes
 + Level 4.1 Maces & Flails
 + Level 4.1 Polearms
 + Level 4.1 Staves
 + Level 4.1 Slings
 + Level 4.1 Bows
 + Level 4.1 Crossbows
 + Level 4.1 Throwing
 + Level 4.1 Armour
 + Level 4.1 Dodging
 + Level 4.8 Stealth
 + Level 4.1 Shields
 + Level 4.1 Unarmed Combat
 + Level 5.0 Spellcasting
 + Level 3.4 Conjurations
 + Level 3.4 Hexes
 + Level 3.4 Charms
 + Level 3.4 Summonings
 + Level 3.4 Necromancy
 + Level 3.4 Translocations
 + Level 3.4 Transmutations
 + Level 5.1 Fire Magic
 + Level 5.1 Ice Magic
 + Level 3.4 Air Magic
 + Level 3.4 Earth Magic
 + Level 3.4 Poison Magic
 + Level 4.5 Invocations
 + Level 6.2 Evocations


You had 15 spell levels left.
You didn't know any spells.
Your spell library contained the following spells:

 Spells                   Type           Power        Failure   Level  Hunger
 Sting                    Conj/Pois      ##..         9%          1    None
 Stone Arrow              Conj/Erth      ##....       24%         3    ###....


Dungeon Overview and Level Annotations

Branches:
Dungeon (1/1)

Altars:
Cheibriados
Dithmenos
Elyvilon
Fedhas
Gozag
Hepliaklqana
Kikubaaqudgha
Nemelex Xobeh
Okawaru
Qazlal
Ru
Trog
Uskayaw
Yredelemnul
Zin
The Shining One

Shops:
D %


Innate Abilities, Weirdness & Mutations

Your experience applies equally to all skills.
You have very sharp teeth.
Your uncanny sense of smell can sniff out nearby items.


Message History

The yak closely misses you.
You hit the yak.
The yak is almost dead.
You hit the yak.
The yak is almost dead.
The yak gores you!
* * * LOW HITPOINT WARNING * * *
You hit the yak but do no damage.
The yak is almost dead.
The yak barely misses you.
You hit the yak but do no damage.
The yak is almost dead.
The yak barely misses you.
You hit the yak. You punch the yak, but do no damage.
The yak is almost dead.
The yak barely misses you.
You hit the yak but do no damage.
The yak is almost dead.
The yak gores you!
You die...

#############
#<.#..'..#.)+∆∆
∆
#..'÷)#..'..#∆∆
∆
#..#####'.####
#..## #..#...#∆
∆
#..#__#.##..##∆
#..#___@Y##+#
#⌠⌠#_.∩...+
####_..__##
∆∆#_____# ∆
∆∆∆∆ ####### ∆
∆ ∆∆ ∆∆ ∆ ∆


You could see a yak.

Vanquished Creatures
  Sigmund (D)
  An ogre (D)
  Ijyb (D)
3 creatures vanquished.

Notes
Turn   | Place    | Note
-------+----------+-------------------------------------------
     0 | D        | jerryfan the Gnoll Wanderer began the quest for the Orb.
     0 | D        | jerryfan set off with: a +2 spear, 2 potions of curing, a +0 robe, a potion of heal wounds, a ration, a potion of haste, 2 potions of magic, a potion of berserk rage, a scroll of blinking
     0 | D        | Reached XP level 1. HP: 20/20 MP: 4/4
     1 | D        | Noticed Ijyb
    28 | D        | Killed Ijyb
    28 | D        | Reached skill level 1 in Short Blades
    28 | D        | Reached skill level 1 in Long Blades
    28 | D        | Reached skill level 1 in Axes
    28 | D        | Reached skill level 1 in Maces & Flails
    28 | D        | Reached skill level 1 in Polearms
    28 | D        | Reached skill level 1 in Staves
    28 | D        | Reached skill level 1 in Slings
    28 | D        | Reached skill level 1 in Bows
    28 | D        | Reached skill level 1 in Crossbows
    28 | D        | Reached skill level 1 in Throwing
    28 | D        | Reached skill level 1 in Armour
    28 | D        | Reached skill level 1 in Dodging
    28 | D        | Reached skill level 1 in Shields
    28 | D        | Reached skill level 1 in Unarmed Combat
    28 | D        | Reached skill level 1 in Conjurations
    28 | D        | Reached skill level 1 in Hexes
    28 | D        | Reached skill level 1 in Charms
    28 | D        | Reached skill level 1 in Summonings
    28 | D        | Reached skill level 1 in Necromancy
    28 | D        | Reached skill level 1 in Translocations
    28 | D        | Reached skill level 1 in Transmutations
    28 | D        | Reached skill level 1 in Air Magic
    28 | D        | Reached skill level 1 in Earth Magic
    28 | D        | Reached skill level 1 in Poison Magic
    28 | D        | Reached skill level 1 in Invocations
    28 | D        | Reached XP level 2. HP: 24/26 MP: 6/6
    28 | D        | Reached XP level 3. HP: 30/32 MP: 7/7
    44 | D        | Noticed an ogre
    54 | D        | Killed an ogre
    54 | D        | Reached skill level 5 in Fighting
    54 | D        | Reached skill level 5 in Evocations
    54 | D        | Reached XP level 4. HP: 39/39 MP: 8/10
    66 | D        | Noticed Sigmund
    77 | D        | Killed Sigmund
    77 | D        | Reached skill level 5 in Spellcasting
    77 | D        | Reached skill level 5 in Fire Magic
    77 | D        | Reached skill level 5 in Ice Magic
    77 | D        | Reached XP level 5. HP: 36/46 MP: 10/12
    77 | D        | Reached XP level 6. HP: 41/52 MP: 10/13
    84 | D        | Found a blossoming altar of Fedhas.
    84 | D        | Found a bloodstained altar of Trog.
    84 | D        | Found an iron altar of Okawaru.
    84 | D        | Found Jowaelas's Food Emporium.
    84 | D        | Found an ancient bone altar of Kikubaaqudgha.
    84 | D        | Found a basalt altar of Yredelemnul.
    84 | D        | Found a sacrificial altar of Ru.
    84 | D        | Found a shadowy altar of Dithmenos.
    99 | D        | Found a hide-covered altar of Uskayaw.
    99 | D        | Found an opulent altar of Gozag.
    99 | D        | Found a snail-covered altar of Cheibriados.
   100 | D        | Found a stormy altar of Qazlal.
   100 | D        | Found a glowing golden altar of the Shining One.
   100 | D        | Found a hazy altar of Hepliaklqana.
   100 | D        | Found a sparkling altar of Nemelex Xobeh.
   100 | D        | Noticed a yak
   101 | D        | Found a glowing silver altar of Zin.
   101 | D        | Found a white marble altar of Elyvilon.
   120 | D        | Slain by a yak

Vault maps used:
D:        dungeon_sprint_1

Skill      XL: |  1  2  3  4 |
---------------+-------------+-----
Short Blades   | 1 2 4 |  4.1
Long Blades    | 1 2 4 |  4.1
Axes           | 1 2 4 |  4.1
Maces & Flails | 1 2 4 |  4.1
Polearms       | 1 2 4 |  4.1
Staves         | 1 2 4 |  4.1
Slings         | 1 2 4 |  4.1
Bows           | 1 2 4 |  4.1
Crossbows      | 1 2 4 |  4.1
Throwing       | 1 2 4 |  4.1
Armour         | 1 2 4 |  4.1
Dodging        | 1 2 4 |  4.1
Shields        | 1 2 4 |  4.1
Unarmed Combat | 1 2 4 |  4.1
Spellcasting   | 3 4 5 |  5.0
Conjurations   | 1 2 3 |  3.4
Hexes          | 1 2 3 |  3.4
Charms         | 1 2 3 |  3.4
Summonings     | 1 2 3 |  3.4
Necromancy     | 1 2 3 |  3.4
Translocations | 1 2 3 |  3.4
Transmutations | 1 2 3 |  3.4
Fire Magic     | 4 5 |  5.1
Ice Magic      | 4 5 |  5.1
Air Magic      | 1 2 3 |  3.4
Earth Magic    | 1 2 3 |  3.4
Poison Magic   | 1 2 3 |  3.4
Invocations    | 1 3 4 |  4.5
Fighting       | 5 6 |  6.2
Stealth        | 3 4 |  4.8
Evocations     | 5 6 |  6.2

Action                   |  1- 3 |  4- 6 || total
-------------------------+-------+-------++-------
Melee: Spear             |    32 |    28 ||    60
       Bite              |     4 |     4 ||     8
       Punch             |       |     1 ||     1
Evoke: Wand              |       |     1 ||     1
  Use: Potion            |     1 |       ||     1
Armor: Robe              |     3 |       ||     3
       Ring mail         |       |     1 ||     1
Dodge: Dodged            |    18 |    15 ||    33

Table legend:
 A = Spawn XP
 B = Non-spawn XP
 C = Spawn XP percentage of total XP
 D = Spawn monster count
 E = Non-spawn monster count
 F = Spawn count percentage of total count
 G = Total turns spent on level
                    A         B        C        D         E        F      G
               +---------+---------+-------+---------+---------+-------+---------
         Total |       0 |     360 |   0.0 |       0 |       3 |   0.0 |   120
               +---------+---------+-------+---------+---------+-------+---------
             D |       0 |     360 |   0.0 |       0 |       3 |   0.0 |   120
               +---------+---------+-------+---------+---------+-------+---------
